 Dungeon Crawl Stone Soup version 0.22.1-1-ga44c0e56f4 (webtiles) character file.

1275 LLavrengius the Changer (level 8, -4/82 HPs)
             Began as an Octopode Transmuter on Nov 5, 2018.
             Was a Follower of Makhleb.
             Slain by an orc wizard
             ... wielding a +0 dagger
              (5 damage)
             ... on level 5 of the Dungeon.
             The game lasted 00:28:29 (4696 turns).

LLavrengius the Changer (Octopode Transmuter)       Turns: 4696, Time: 00:28:29

Health: -4/82      AC:  2    Str: 14    XL:     8   Next: 53%
Magic:  8/11       EV: 20    Int: 17    God:    Makhleb [*.....]
Gold:   413        SH:  0    Dex: 18    Spells: 1/11 levels left

rFire    . . .     SeeInvis .     - Unarmed
rCold    . . .     Gourm    .   (shield currently unavailable)
rNeg     . . .     Faith    .   (helmet currently unavailable)
rPois    x         Spirit   .   (no amulet)
rElec    .         Reflect  .   (no ring)
rCorr    .         Harm     .   (no ring)
MR       .....                  (no ring)
Stlth    ..........             (no ring)
HPRegen  0.23/turn              (no ring)
MPRegen  0.12/turn              (no ring)
                                (no ring)
                                (no ring)

@: berserking, spider-form, very quick
A: tiny, almost no armour, stealthy swim, (amphibious), 8 rings, (constrict 8)
a: End Transformation, Renounce Religion


You were on level 5 of the Dungeon.
You worshipped Makhleb.
Makhleb was aware of your devotion.
You were very hungry.
You were a venomous arachnid creature.
You visited 1 branch of the dungeon, and saw 5 of its levels.
You also visited: Ossuary.

You collected 413 gold pieces.

Inventory:

Hand Weapons
 p - a +0 hunting sling
 r - a +2 falchion of slicing (melded)
 u - a +0 halberd
Missiles
 a - 35 arrows
 d - 131 stones
 i - 5 tomahawks (quivered)
Wands
 s - a wand of disintegration (11)
Scrolls
 f - 6 scrolls of identify {unknown}
 g - 3 scrolls of remove curse
 h - a scroll of enchant armour {unknown}
 j - 3 scrolls of fog {unknown}
Potions
 b - 2 potions of brilliance {unknown}
 e - 5 potions of curing {unknown}
 k - 2 potions of mutation {unknown}
 l - 2 potions of lignification {unknown}
 m - 2 potions of degeneration {unknown}
 n - a potion of flight {unknown}
 o - 4 potions of ambrosia {unknown}
 q - a potion of berserk rage
Comestibles
 c - 4 rations


   Skills:
 + Level 5.3 Fighting
 - Level 2.0 Dodging
 - Level 6.0 Unarmed Combat
 - Level 2.0 Spellcasting
 + Level 6.7 Transmutations
 + Level 1.4 Ice Magic


You had one spell level left.
You knew the following spells:

 Your Spells              Type           Power        Failure   Level  Hunger
a - Beastly Appendage     Tmut           ###...       6%          1    #......
b - Sticks to Snakes      Tmut           ###.....     8%          2    ###....
c - Spider Form           Tmut/Pois      ##........   32%         3    ###....
d - Ice Form              Ice/Tmut       ###.....     58%         4    #####..

Your spell library contained the following spells:

 Spells                   Type           Power        Failure   Level  Hunger
 Blade Hands              Tmut           ###.......   56%         5    ######.


Dungeon Overview and Level Annotations

Branches:
Dungeon (5/15)
 Temple: D:4-7

Altars:
Cheibriados
Elyvilon
Makhleb
Nemelex Xobeh
The Shining One

Shops:
D:5 (


Innate Abilities, Weirdness & Mutations

You cannot wear most types of armour.
You are very stealthy in the water. (Stealth+)
((You are amphibious.))
You can wear up to eight rings at the same time.
((You can use your tentacles to constrict eight enemies at once.))
((Your skin changes colour to match your surroundings (Stealth+).))
((Your rubbery body absorbs attacks. (AC +1, EV +1)))


Message History

You closely miss something. Something hits you.
* * * LOW HITPOINT WARNING * * *
The orc barely misses you.
You closely miss something. Something hits you.
* * * LOW HITPOINT WARNING * * *
The orc hits you from afar with a trident.
* * * LOW HITPOINT WARNING * * *
Casting: Spider Form (safe; 14% risk of failure)
Confirm with . or Enter, or press ? or * to list all spells.
You turn into a venomous arachnid creature.
Your +2 falchion of slicing melds into your body.
Something hits you.
* * * LOW HITPOINT WARNING * * *
The orc barely misses you.
A red film seems to cover your vision as you go berserk!
You feel yourself moving faster!
You feel mighty! Something completely misses you.
The orc completely misses you.
Unknown command.
You barely miss something. Something hits you.
You die...

#...........'..........
#...........########...
#...........#### #...
#..............# #...
#...........##.# #...
#...........+ .. #...
#.....o.....# . #...
######'#)#### #...
#s#... #... #.#.###
#... #.#o# #### #.#.#
#.#.# #.### #.# #.# #[#


You could see an orc.

Vanquished Creatures
  Pikel (D:3)
  Grinder (D:3)
  Menkaure (D:4)
  A phantom (D:4)
  A bullfrog zombie (D:5)
  An orc wizard (D:3)
  3 worker ants
  2 big kobold zombies (Ossuary)
  A hound zombie (D:5)
  8 mummies (Ossuary)
  8 gnolls
  5 adders
  2 oozes
  2 dart slugs (D:1)
  2 leopard geckos
  13 orcs
  5 giant cockroaches
  7 goblins
  5 hobgoblins
  A quokka (D:3)
  10 bats
  7 frilled lizards
  2 hobgoblin zombies (Ossuary)
  4 kobolds
  2 kobold zombies (Ossuary)
  2 orc zombies (Ossuary)
  7 rats
104 creatures vanquished.

Vanquished Creatures (others)
  2 slaves (D:4)
  An orc wizard (D:5)
  A frilled lizard (D:4)
4 creatures vanquished.

Grand Total: 108 creatures vanquished

Notes
Turn   | Place    | Note
-------+----------+-------------------------------------------
     0 | D:1      | LLavrengius the Octopode Transmuter began the quest for the
                  | Orb.
     0 | D:1      | Reached XP level 1. HP: 13/13 MP: 3/3
    10 | D:1      | Reached XP level 2. HP: 18/18 MP: 5/5
    14 | D:1      | Learned a level 2 spell: Sticks to Snakes
   335 | D:1      | Reached XP level 3. HP: 23/23 MP: 6/6
   384 | D:1      | Learned a level 3 spell: Spider Form
   852 | D:2      | Found a snail-covered altar of Cheibriados.
  1110 | D:2      | Reached XP level 4. HP: 29/29 MP: 7/7
  1859 | D:3      | Reached XP level 5. HP: 35/35 MP: 5/8
  1938 | D:3      | Noticed Grinder
  1951 | D:3      | Killed Grinder
  1951 | D:3      | Reached XP level 6. HP: 9/42 MP: 3/9
  2332 | D:3      | Reached skill level 5 in Transmutations
  2547 | D:3      | Found a sparkling altar of Nemelex Xobeh.
  2905 | D:3      | Found a burning altar of Makhleb.
  2910 | D:3      | Became a worshipper of Makhleb the Destroyer
  3242 | D:4      | Noticed Pikel
  3242 | D:4      | Noticed a slave
  3242 | D:4      | Noticed a slave
  3242 | D:4      | Noticed a slave
  3242 | D:4      | Noticed a slave
  3250 | D:3      | Killed Pikel
  3250 | D:3      | Reached skill level 5 in Unarmed Combat
  3250 | D:3      | Reached XP level 7. HP: 34/48 MP: 6/10
  3250 | D:3      | Reached XP level 8. HP: 39/54 MP: 6/11
  3415 | D:4      | Found a sand-covered staircase.
  3422 | Ossuary  | Entered an ossuary
  3911 | Ossuary  | Reached skill level 5 in Fighting
  3984 | Ossuary  | Reached * piety under Makhleb
  4140 | D:4      | Learned a level 4 spell: Ice Form
  4188 | D:4      | Found a white marble altar of Elyvilon.
  4190 | D:4      | Noticed Menkaure
  4191 | D:4      | Found a glowing golden altar of the Shining One.
  4214 | D:4      | Killed Menkaure
  4394 | D:5      | Entered Level 5 of the Dungeon
  4394 | D:5      | Found Coosk's Antique Weapon Shoppe.
  4549 | D:5      | Reached skill level 1 in Ice Magic
  4694 | D:5      | HP: 1/55 [something (3)]
  4696 | D:5      | Slain by an orc wizard

Skill      XL: |  1  2  3  4  5  6  7  8 |
---------------+-------------------------+-----
Transmutations | 3 4 6 |  6.7
Fighting       | 2 3 4 5 |  5.3
Unarmed Combat | 4 5 6 |  6.0
Ice Magic      | 1 |  1.4
Dodging        | |  2.0
Spellcasting   | |  2.0

Action                   |  1- 3 |  4- 6 |  7- 9 || total
-------------------------+-------+-------+-------++-------
Melee: Unarmed           |    74 |   105 |    38 ||   217
       Punch             |     5 |       |     3 ||     8
       Constrict         |    20 |    15 |    18 ||    53
       Tentacles         |    11 |    12 |    19 ||    42
       Kick              |       |     4 |    11 ||    15
       Falchion          |       |       |    67 ||    67
Throw: Tomahawk          |     3 |     2 |    22 ||    27
       Stone             |       |     2 |    27 ||    29
 Cast: Spider Form       |       |     6 |     5 ||    11
       Beastly Appendage |       |     3 |     5 ||     8
  Use: Scroll            |       |       |     4 ||     4
       Potion            |       |       |     1 ||     1
 Stab: Sleeping          |     5 |     7 |     2 ||    14
       Distracted        |       |       |     1 ||     1
  Eat: Chunk             |     1 |     6 |     2 ||     9
       Ration            |       |       |     1 ||     1
Armor: Skin              |     8 |     3 |     3 ||    14
Dodge: Dodged            |    41 |    59 |    63 ||   163
       Rpst.: Falchion   |       |       |     4 ||     4
